 Dungeon Crawl Stone Soup version 0.31-a0-675-g238779eb0a (webtiles) character file.

Game seed: 18169673354676439009

112 Xavori the Cutter (level 4, 0/36 HPs)
             Began as an Octopode Chaos Knight on Sept 5, 2023.
             Was a Plaything of Xom.
             Slain by an orc wizard
             ... wielding a +0 dagger
              (1 damage)
             ... on level 3 of the Dungeon.
             The game lasted 00:02:53 (10915 turns).

Xavori the Cutter (Octopode Chaos Knight)          Turns: 10915, Time: 00:02:54

Health: 0/36       AC:  1    Str:  7 (9)  XL:     4   Next: 95%
Magic:  3/3        EV: 13    Int: 14      God:    Xom [....*.]
Gold:   16         SH:  0    Dex: 11 (13) Spells: 3/3 levels left

rFire   . . .        a - +0 short sword (chaos)
rCold   . . .        (no shield)
rNeg    . . .        (helmet restricted)
rPois   .            (no amulet)
rElec   .            (no ring)
rCorr   .            (no ring)
SInv    .            (no ring)
Will    .....        (no ring)
Stlth   +++          (no ring)
HPRegen 0.26/turn    (no ring)
MPRegen 0.08/turn    (no ring)
                     (no ring)

%: no passive effects
@: no status effects
A: almost no armour, amphibious, 8 rings, camouflage 1, gelatinous body 1,
(nimble swimmer 1), tentacles, tentacle spike 1, low MP 1, robust 1,
teleportitis 1, weak 1, inability to read after injury 1
a: Renounce Religion


You were on level 3 of the Dungeon.
You worshipped Xom.
You were a beloved toy of Xom.
You visited 1 branch of the dungeon, and saw 3 of its levels.

You collected 106 gold pieces.
You spent 90 gold pieces at shops.

Inventory:

Hand Weapons
 a - a +0 short sword of chaos (weapon)
Wands
 l - a wand of mindburst (9)
Scrolls
 b - a scroll of butterflies
 c - a scroll of noise {unknown}
 e - 2 scrolls of teleportation {unknown}
 g - a scroll of brand weapon {unknown}
 h - 2 scrolls of amnesia {unknown}
 i - a scroll of blinking {unknown}
 j - 3 scrolls of identify {unknown}
 m - a scroll of acquirement {unknown}
 n - a scroll of immolation {unknown}
 o - a scroll of vulnerability {unknown}
Potions
 f - 4 potions of curing


   Skills:
 + Level 3.7 Fighting
 + Level 4.0 Short Blades
 + Level 2.7 Dodging
 + Level 3.2 Stealth


You had 3 spell levels left.
You didn't know any spells.
Your spell library was empty.

Dungeon Overview and Level Annotations

Branches:
Dungeon (3/15)

Altars:
Dithmenos

Shops:
D:2 !!(*


Innate Abilities, Weirdness & Mutations

You cannot wear most types of armour.
You are amphibious.
You can wear up to eight rings at the same time.
Your skin changes colour to match your surroundings (Stealth+).
Your rubbery body absorbs attacks. (AC +1, EV +1)
((You are camouflaged when in or above water. (Stealth+)))
You have tentacles for arms and can constrict up to eight enemies at once.
One of your tentacles bears a spike.
Your magical capacity is low. (-10% MP)
You are robust. (+10% HP)
You are occasionally teleported next to monsters.
You are weak. (Str -2)
You occasionally lose the ability to read scrolls when taking damage.


Message History

The orc is heavily wounded.
The orc hits you with a +0 war axe!
You hit the orc.
You feel better.
Your grab misses the orc.
Your tentacle spike misses the orc.
The orc is severely wounded.
You hit the orc.
You kill the orc!
The orc wizard gestures wildly while chanting.
The orc wizard flickers and vanishes!
Your Stealth skill increases to level 3!
You hit the orc.
The orc is poisoned.
Your grab misses the orc.
The orc is heavily wounded.
You kill the orc!
You barely miss something. You barely miss the orc. Your grab misses the orc.
Your squeeze misses the orc. You hit the orc.
You feel better.
Your grab misses the orc.
You pierce the orc.
The orc is almost dead.
You hit the orc.
You kill the orc!
You barely miss something.
You pierce something.
Something hits you.
You hear some strange, mumbled words.
Xom is highly amused!
You barely miss something.
Your tentacle spike misses something.
You barely miss something. You hit something. You barely miss something.
You squeeze something.
A magic dart appears from out of thin air!
The magic dart hits you!
* * * LOW HITPOINT WARNING * * *
You hear the slow rusting of a drain nearby.
Something hits you.
* * * LOW HITPOINT WARNING * * *
Something hits you.
* * * LOW HITPOINT WARNING * * *
Items here: ))) [[ †.
You miss something.
Your tentacle spike misses something.
Something hits you.
* * * LOW HITPOINT WARNING * * *
Something hits you.
You die... "Boring in life, boring in death..."

..# #.##.# .># #.##.#
##.###
..######.##.######.....#
.......>...............#
.######.###.#####.......
## #.# #.# ..... #.# #.#
... #.# #†#####.# #.#
#.....@{# #.# #######.#
#.# .# .# .# .# .# ..


There were no monsters in sight!

Vanquished Creatures
  An adder (D:2)
  4 gnolls (D:3)
  3 dart slugs
  3 orcs (D:3)
  4 ball pythons
  9 bats
  7 endoplasms
  2 giant cockroaches
  3 goblins
  4 hobgoblins
  2 jackals (D:1)
  5 kobolds
  2 quokkas
  2 frilled lizards
  4 rats
55 creatures vanquished.

Notes
Turn   | Place    | Note
-------+----------+-------------------------------------------
     0 | D:1      | Xavori the Octopode Chaos Knight began the quest for the
                  | Orb.
     0 | D:1      | Reached XP level 1. HP: 16/16 MP: 1/1
   237 | D:1      | XOM: noise
   241 | D:1      | XOM: silly message
   247 | D:1      | Reached XP level 2. HP: 19/21 MP: 2/2
   283 | D:1      | XOM: cloud trail
   312 | D:1      | XOM: god gift: broad axe {god gift}
   412 | D:1      | Reached XP level 3. HP: 26/26 MP: 3/3
   809 | D:1      | XOM: noise
  1014 | D:1      | XOM: silly message
  1951 | D:1      | XOM is BORED!
  1951 | D:1      | XOM: noise
  2133 | D:1      | XOM: give mutations
  2133 | D:1      | Gained mutation: You are robust. (+10% HP) [Xom's grace]
  2133 | D:1      | Gained mutation: One of your tentacles bears a spike.
                  | [Xom's grace]
  2384 | D:1      | XOM: torment (15/28 hp)
  2465 | D:1      | XOM: scenery: summon butterflies
  2884 | D:1      | XOM is BORED!
  2884 | D:1      | XOM: give mutations
  2884 | D:1      | Gained mutation: You are weak. (Str -2) [Xom's mischief]
  2884 | D:1      | Gained mutation: You are occasionally teleported next to
                  | monsters. [Xom's mischief]
  2884 | D:1      | Gained mutation: Your spells are a little harder to cast,
                  | but a little more powerful. [Xom's mischief]
  2884 | D:1      | Lost mutation: You are weak. (Str -2) [Xom's mischief]
  3009 | D:1      | XOM: divination: detect items
  3728 | D:1      | XOM: silly message
  4032 | D:1      | XOM: god gift: quarterstaff {god gift}
  4068 | D:1      | XOM: divination: detect creatures
  4832 | D:1      | XOM: silly message
  5066 | D:1      | XOM: noise
  6096 | D:1      | XOM: silly message
  6619 | D:1      | XOM: cloud trail
  7000 | D:1      | XOM: divination: detect items
  7186 | D:1      | XOM: noise
  7477 | D:1      | XOM is BORED!
  7477 | D:1      | XOM: give mutations
  7477 | D:1      | Lost mutation: Your spells are a little harder to cast, but
                  | a little more powerful. [Xom's mischief]
  7477 | D:1      | Gained mutation: Your spells are a little easier to cast,
                  | but a little less powerful. [Xom's mischief]
  7477 | D:1      | Gained mutation: You are weak. (Str -2) [Xom's mischief]
  7687 | D:1      | XOM: torment (15/28 hp)
  8576 | D:1      | XOM is BORED!
  9279 | D:1      | XOM: give mutations
  9279 | D:1      | Lost mutation: Your spells are a little easier to cast, but
                  | a little less powerful. [Xom's mischief]
  9279 | D:1      | Gained mutation: Your magical capacity is low. (-10% MP)
                  | [Xom's mischief]
  9279 | D:1      | Gained mutation: You occasionally lose the ability to read
                  | scrolls when taking damage. [Xom's mischief]
  9780 | D:1      | XOM: god gift: 11 gold pieces
  9843 | D:2      | XOM: cloud trail
  9851 | D:2      | Found Ythiunus's Distillery.
  9854 | D:2      | XOM: smoke on damage
  9857 | D:2      | Reached skill level 1 in Stealth
 10070 | D:2      | Found Ikisyg's Distillery.
 10071 | D:2      | Bought 2 potions of curing for 60 gold pieces
 10071 | D:2      | Bought a potion of curing for 30 gold pieces
 10123 | D:2      | Found Atwij's Weapon Boutique.
 10171 | D:2      | Found Weic's Assorted Antiques.
 10273 | D:2      | XOM: scenery: 1 doors open
 10351 | D:2      | XOM: scenery: summon butterflies
 10401 | D:2      | Reached XP level 4. HP: 36/36 MP: 3/3
 10760 | D:3      | Reached skill level 4 in Short Blades
 10785 | D:3      | Found a shadowy altar of Dithmenos.
 10914 | D:3      | HP: 1/36 [something (4)]
 10915 | D:3      | Slain by an orc wizard

Illustrated notes

Levels and vault maps discovered:
D:1:      dpeg_arrival_line_fractal, layout_rooms
D:2:      layout_basic, serial_shops, nicolae_square_shop, shop,
          nicolae_shop_bloodbath_and_beyond, nicolae_shop_gibbet_a_chance,
          minmay_misc_feat_doors, minmay_nonomino_d4
D:3:      cheibrodos_pilgrimage, layout_loops_ring, pf_just_have_faith,
          nicolae_overflow_ecumenical_swirl, gup_sewer_entry_bowl

Skill      XL: |  1  2  3  4 |
---------------+-------------+-----
Stealth        | 1 3 |  3.2
Short Blades   | 4 |  4.0
Fighting       | |  3.7
Dodging        | |  2.7

Action                     |  1- 3 |  4- 6 || total
---------------------------+-------+-------++-------
  Melee: Short sword       |    76 |    37 ||   113
         Tentacles         |    17 |     5 ||    22
         Constrict         |    15 |     6 ||    21
         Kick              |     7 |    10 ||    17
    Use: Potion            |       |     2 ||     2
   Stab: Sleeping          |     7 |     2 ||     9
         Distracted        |     1 |       ||     1
 Armour: Skin              |    24 |    15 ||    39
  Dodge: Dodged            |    51 |     8 ||    59

Table legend: (Time is in decaauts)
 A = Elapsed time spent in this place.
 B = Non-inter-level travel time spent in this place.
 C = Inter-level travel time spent in this place.
 D = Time resting spent in this place.
 E = Time spent auto-exploring this place.
 F = Levels seen in this place.
 G = Mean time per level.
                   A        B        C        D        E       F      G
               +--------+--------+--------+--------+--------+-----+--------+
         Total |  10874 |  10809 |     65 |   9335 |   1090 |   3 | 3624.7 |
       Dungeon |  10874 |  10809 |     65 |   9335 |   1090 |   3 | 3624.7 |
               +--------+--------+--------+--------+--------+-----+--------+

Top non-repeatable levels by time:
     D:1: 9774 daAuts
     D:2: 949 daAuts
     D:3: 151 daAuts
